Ci vediamo sul cielo, lawful male human Priest --- ---.-- --....| ......)| --- ..<....-- --....--- |...*%.- --......|.| ---.....| |....^(.... --.....| --------.---......... ..-- |......| .@=>.............y.......----. ---.|..|... ------.-.--.--- ...........|..--------...|---.- .................[.......| ----...........-----..... -...........- --... Ci vediamo sul cielo the Adept Experience level: 6 Strength: 10 Dexterity: 13 Constitution: 16 Intelligence: 11 Wisdom: 18 Charisma: 8 Health: 0(40) Energy: 76(76) AC: 0 Gold: 398 Moves: 1260 Your Inventory: Coins $ - 398 gold pieces Weapons a - a blessed +1 mace (weapon in hand) n - 7 uncursed [+0] daggers Armor b - a blessed +0 robe c - an uncursed +0 small shield (being worn) v - an uncursed +0 hooded cloak [of brilliance (dwarvish)] (being worn) z - an uncursed +0 elven mithril-coat (being worn) A - an uncursed +0 pair of hard shoes [iron] (being worn) B - an uncursed +0 hard hat [dwarvish iron helm] (being worn) Comestibles e - an uncursed clove of garlic f - an uncursed sprig of wolfsbane j - an uncursed fortune cookie l - 2 uncursed tripe rations Scrolls q - an uncursed scroll labeled FOOBIE BLETCH [of confuse monster] r - an uncursed scroll labeled THARR [of punishment] x - an uncursed scroll labeled ELAM EBOW [of light] Spellbooks g - an uncursed spellbook of remove curse h - an uncursed spellbook of light Potions d - 4 potions of holy water Rings s - an uncursed ring called control tele! [of teleport control] (on right hand) E - an uncursed diamond ring [of slow digestion] Wands k - an uncursed wand of slow monster [0:2] F - a cursed glass wand [of teleportation (0:7)] Tools p - 3 uncursed partly used [tallow] candles w - an uncursed [wax] candle Spells known in the end: Name Level Category Fail Memory a - remove curse 3 clerical 81% [||||||||] b - light 1 divination 100% [||||||||] Your skills at the end: Fighting Skills Weapon Skills mace [Basic / Expert] Spellcasting Skills clerical spells [Basic / Expert] Final Attributes: You were devoutly aligned. Hunger level was 896. Your alignment was 15 / 16. Monster difficulty range was 1 - 6. Level difficulty was 6. You had teleport control. Your luck was zero. You are dead. Vanquished creatures: a large cat a gnome king 3 gnome lords a gnomish wizard a dwarf a hobbit a yellow mold 21 gnomes 3 geckos 2 jackals a goblin 4 sewer rats 2 grid bugs 2 bats 2 lichens 2 newts 48 creatures vanquished. Voluntary challenges: You used a wielded weapon 56 times. You read items or engraved 5 times. You put on armor 11 times. You never genocided any monsters. You never polymorphed an object. You never changed form. You used no wishes. You wrote Elbereth's name 1 time. You encountered 1 bones level. You never used any Sokoban shortcuts. Dungeon overview: The Dungeons of Doom: levels 1 to 3 Level 1 a long staircase Level 3 stairs to The Gnomish Mines The Gnomish Mines: levels 4 to 6 Level 4 stairs to The Dungeons of Doom Level 6 <- You were here History has recorded: On T:1 you entered the Dungeons of Doom to retrieve the Amulet of Yendor! On T:163 you reached level 2 of The Dungeons of Doom. On T:206 you advanced to experience level 2. On T:337 you reached level 3 of The Dungeons of Doom. On T:341 you advanced to experience level 3. On T:362 you reached level 1 of The Gnomish Mines. On T:364 you advanced to experience level 4. On T:419 you advanced to experience level 5. On T:725 you reached level 2 of The Gnomish Mines. On T:732 you advanced to experience level 6. On T:1086 you reached level 3 of The Gnomish Mines. Latest messages: You are surrounded by a shimmering light. You finish your prayer. You feel that Blind Io is well-pleased. Your stomach feels content. [3 turns] You miss Mecah's ghost. The large cat bites! (2x) [HP-10=26] You miss Mecah's ghost. You hear a horn being played. The bolt of cold hits it. The large cat is killed by the bolt of cold! The bolt of cold hits you! [HP-21=5] You write with an uncursed wand of slow monster into the dust. The bugs on the floor slow down! Mecah's ghost turns to flee! You hear a horn being played. The bolt of cold hits you! You die... Final status: Goodbye Ci vediamo sul cielo the Priest... You died in The Gnomish Mines on dungeon level 6 with 1693 points, and 398 pieces of gold, after 1260 moves. You were level 6 with a maximum of 40 hit points when you died.